 Dungeon Crawl Stone Soup version 0.22-a0-354-g30dfbe6 (webtiles) character file.

35 Kairos the Shield-Bearer (level 3, 19/19 HPs)
             Began as a Vine Stalker Fighter on Apr 16, 2018.
             Got out of the dungeon alive.
             The game lasted 00:01:24 (1356 turns).

Kairos the Shield-Bearer (Vine Stalker Fighter)     Turns: 1356, Time: 00:01:25

Health: 19/19      AC:  6    Str: 18    XL:     3   Next: 35%
Magic:  4/4        EV:  7    Int:  9    God:
Gold:   76         SH:  9    Dex: 13    Spells: 2/2 levels left

rFire    . . .     SeeInvis .   a - +0 war axe
rCold    . . .     Gourm    .   c - +0 shield
rNeg     . . .     Faith    .   b - +0 scale mail
rPois    .         Spirit   +   (no helmet)
rElec    .         Reflect  .   (no cloak)
rCorr    .         Harm     .   (no gloves)
MR       .....                  (no boots)
Stlth    ..........             (no amulet)
HPRegen  0.06/turn              (no ring)
MPRegen  0.09/turn              (no ring)

@: no status effects
A: fangs 2, magic shield, antimagic bite, no potion heal 3, rot immunity
a: no special abilities


You escaped.
You were very hungry.

You visited 1 branch of the dungeon, and saw 1 of its levels.

You collected 76 gold pieces.

Inventory:

Hand Weapons
 a - a +0 war axe (weapon)
Missiles
 l - 4 javelins (quivered)
Armour
 b - a +0 scale mail (worn)
 c - a +0 shield (worn)
Scrolls
 h - 3 scrolls of teleportation
Potions
 d - a potion of might
 i - 2 potions of heal wounds
 k - a potion of haste
Comestibles
 f - 2 rations


   Skills:
 + Level 2.8 Fighting
 + Level 2.3 Axes
 + Level 2.7 Armour
 + Level 0.2 Dodging
 + Level 3.1 Shields


You had 2 spell levels left.
You didn't know any spells.

Dungeon Overview and Level Annotations

Branches:
Dungeon (1/15)

Altars:


Innate Abilities, Weirdness & Mutations

You have extremely sharp teeth.
When hurt, damage is shared between your health and your magic reserves.
Your bite disrupts and absorbs the magic of your enemies.
Potions cannot restore your health.
You are immune to rotting.


Message History

Your roots penetrate the ground.
You feel strangely stable.
It was a potion of curing.
That felt strangely inert.
It was a potion of haste.
You feel yourself speed up.
You start waiting.
Your extra speed is starting to run out.
You start waiting.
You feel yourself slow down.
You start waiting.
Your transformation is almost over.
You start waiting.
You feel less wooden.
Your +0 scale mail unmelds from your body.
You start waiting.
You are feeling very hungry.
You start waiting.
Done waiting.
You see here a dagger.
There is a staircase leading out of the dungeon here.
Are you sure you want to leave the Dungeon?
This will make you lose the game!
You have escaped!

##.#.#########################
##..#.##>...................≈≈#
##.#.#.##.(............≈≈≈≈≈≈≈≈#
##.##.#.##.(....≈≈≈≈≈≈≈≈≈≈≈≈≈≈≈.#
#.##).#..#.≈≈≈≈≈≈≈≈≈≈≈≈≈≈≈≈......
.######..#≈≈≈≈≈≈≈≈≈≈≈≈≈≈≈........
.#.(##...#≈≈≈≈≈≈.................
.#.##....#≈≈≈≈...........≈≈≈≈...#
.#.#.....##≈≈...@.......≈≈≈≈≈≈≈≈#
.#().....#####.......≈≈≈≈..≈≈≈≈≈#
.#.#.....# ####≈≈≈≈≈≈≈........#
.........# #≈≈≈≈≈≈≈≈...........
...#..[..# #########...........
(.####.#.# #................. ###
#.#.# #.##########...... #.#.####
#.# #......... #......# #.#
#.###.....


There were no monsters in sight!

Vanquished Creatures
  2 dart slugs (D:1)
  A leopard gecko (D:1)
  2 giant cockroaches (D:1)
  A goblin (D:1)
  2 hobgoblins (D:1)
  8 jackals (D:1)
  3 bats (D:1)
  3 kobolds (D:1)
  5 rats (D:1)
27 creatures vanquished.

Notes
Turn   | Place    | Note
-------+----------+-------------------------------------------
     0 | D:1      | Kairos the Vine Stalker Fighter began the quest for the Orb.
     0 | D:1      | Reached XP level 1. HP: 11/11 MP: 2/2
   368 | D:1      | Reached XP level 2. HP: 16/16 MP: 3/3
   370 | D:1      | Reached skill level 3 in Shields
   493 | D:1      | Reached XP level 3. HP: 18/19 MP: 4/4
  1356 | D:$      | Got out of the dungeon alive.

Vault maps used:
D:1:      dpeg_arrival_chase, interstate_on_off, minmay_cut_off

Skill      XL: |  1  2 |
---------------+-------+-----
Axes           | 2 |  2.3
Shields        | 3 |  3.1
Fighting       | |  2.8
Armour         | |  2.7
Dodging        | |  0.2

Action                   || total
-------------------------++-------
Melee: War axe           ||    79
       Bite              ||    19
  Use: Scroll            ||     3
       Potion            ||     3
Armor: Scale mail        ||    57
Dodge: Dodged            ||    49
Block: Shield            ||    73

Table legend:
 A = Spawn XP
 B = Non-spawn XP
 C = Spawn XP percentage of total XP
 D = Spawn monster count
 E = Non-spawn monster count
 F = Spawn count percentage of total count
 G = Total turns spent on level
                    A         B        C        D         E        F      G
               +---------+---------+-------+---------+---------+-------+---------
         Total |       0 |      51 |   0.0 |       0 |      27 |   0.0 |  1356
               +---------+---------+-------+---------+---------+-------+---------
           D:1 |       0 |      51 |   0.0 |       0 |      27 |   0.0 |  1356
               +---------+---------+-------+---------+---------+-------+---------
